AoeStats
← Durandal

Arena

509088327Analyzed
4v4 RM · 7d ago on Sep 25, 2026· 28m 15s· 8 players
Game mode
Random Map
Map size
Large (8 player)
Population
200
Speed
Normal
Resources
Standard
Victory
Conquest
Starting age
Dark Age
Ending age
Imperial Age
RankedLock teamsTeams togetherTeam positionsShared explorationLock speedFull tech treeHidden civsTurbo modeCheats
Victory
Defeat
🇨🇳 Poles · China
1265
+10
🇹🇼 Varangians · Taiwan
1167
+14
🇨🇳 Danes · China
1129
+16
🇨🇳 Spanish · China
893
+25
1200
-20
🇹🇷 Poles · Türkiye
1142
-17
🇨🇳 Britons · China
1111
-16
🇨🇳 Bengalis · China
1016
-12
zeyrek
9:50 Loom
13:12 Feudal Age
13:57 Double-Bit Axe
17:25 Castle Age
19:18 Wheelbarrow
20:55 Hand Cart
20:40 Town Watch
22:19 Horse Collar
23:48 Bow Saw
24:40 Gold Mining
26:10 Scale Barding Armor
26:19 Forging
26:27 Husbandry
26:38 Bloodlines
29:10 Imperial Age
Alex Auditore Mercer
5:08 Loom
11:06 Feudal Age
12:17 Double-Bit Axe
15:13 Castle Age
13:08 Horse Collar
17:01 Bow Saw
21:32 Wheelbarrow
22:23 Gold Mining
23:22 Heavy Plow
26:01 Hand Cart
30:08 Imperial Age
28:28 Gold Shaft Mining
27:44 Stone Mining
花开未相随
10:58 Feudal Age
9:14 Loom
14:46 Castle Age
12:52 Double-Bit Axe
13:50 Stone Mining
17:44 Bow Saw
22:33 Horse Collar
30:00 Imperial Age
27:49 Gold Mining
Durandal
10:56 Feudal Age
13:47 Double-Bit Axe
16:26 Castle Age
14:43 Horse Collar
17:41 Bow Saw
17:48 Heavy Plow
22:37 Gold Mining
22:38 Stone Mining
Akatsukireiha
0:26 Loom
11:15 Feudal Age
11:42 Town Watch
13:46 Wheelbarrow
17:43 Castle Age
16:08 Double-Bit Axe
17:01 Gold Mining
16:56 Horse Collar
20:44 Arson
21:02 Squires
23:24 Forging
23:19 Scale Mail Armor
Monkidz
10:20 Feudal Age
14:30 Castle Age
12:47 Double-Bit Axe
12:43 Horse Collar
14:29 Bloodlines
14:28 Scale Barding Armor
16:42 Husbandry
19:37 Loom
23:00 Wheelbarrow
25:20 Town Watch
26:14 Forging
26:02 Gold Mining
27:05 Chain Barding Armor
S个帅哥
11:54 Feudal Age
12:37 Double-Bit Axe
18:42 Castle Age
16:48 Horse Collar
20:00 Heavy Plow
20:12 Bow Saw
20:07 Gold Mining
25:20 Wheelbarrow
24:34 Loom
25:26 Stone Mining
31:09 Imperial Age
29:25 Stone Shaft Mining
咸鱼死灵
8:41 Loom
10:53 Feudal Age
12:15 Double-Bit Axe
12:12 Horse Collar
16:43 Castle Age
16:11 Forging
20:59 Heavy Plow
23:34 Wheelbarrow
23:30 Stone Mining
24:52 Hand Cart
25:21 Szlachta Privileges
25:51 Bloodlines
25:41 Town Watch
26:41 Scale Barding Armor
26:38 Gold Mining
29:24 Iron Casting
Connection lost

Rejoining the realm…

Still unreachable

The connection could not be restored.

Session expired

The server has moved on; the page needs a fresh start.